 Dungeon Crawl Stone Soup version 0.30-b1-2-g02819fbbbe (webtiles) character file.

Game seed: 7216730252368150680

9 Alarkh the Grave Robber (level 2, 19/19 HPs)
             Began as a Demonspawn Necromancer on July 7, 2023.
             Got out of the dungeon alive.
             The game lasted 00:01:03 (233 turns).

Alarkh the Grave Robber (Demonspawn Necromancer)     Turns: 233, Time: 00:01:04

Health: 19/19      AC:  5    Str:  8    XL:     2   Next: 3%
Magic:  3/5        EV: 12    Int: 16    God:
Gold:   14         SH:  0    Dex: 13    Spells: 4/5 levels left

rFire   . . .        e - +0 dagger
rCold   . . .        (no shield)
rNeg    . . .        a - +0 robe
rPois   .            (no helmet)
rElec   .            (no cloak)
rCorr   .            (no gloves)
SInv    .            d - +0 pair of boots
Will    .....        (no amulet)
Stlth   ++           (no ring)
HPRegen 0.23/turn    (no ring)
MPRegen 0.09/turn

%: no passive effects
@: no status effects
A: thin metallic scales 1
a: no special abilities


You escaped.
You visited 1 branch of the dungeon, and saw 1 of its levels.

You collected 14 gold pieces.

Inventory:

Hand Weapons
 e - a +0 dagger (weapon)
Armour
 a - a +0 robe (worn)
 d - a +0 pair of boots (worn)
Jewellery
 h - a ring of see invisible
Scrolls
 f - a scroll of fog {unknown}
 g - a scroll of identify {unknown}
Potions
 b - a potion of magic
 c - 2 potions of curing {unknown}


   Skills:
 - Level 1.7 Dodging
 - Level 1.7 Stealth
 + Level 2.2 Spellcasting
 * Level 4.7 Necromancy


You had 4 spell levels left.
You knew the following spells:

 Your Spells              Type           Power      Damage    Failure   Level
a - Necrotise             Necr           68%        1d7       3%          1

Your spell library contained the following spells:

 Spells                   Type           Power      Damage    Failure   Level
 Vampiric Draining        Necr           17%        2d7       9%          3
 Animate Dead             Necr           17%        N/A       28%         4
 Dazzling Flash           Conj/Hex       2%         N/A       52%         3
 Volatile Blastmotes      Fire/Tloc      2%         2d10      52%         3
 Iskenderun's Mystic Bla  Conj/Tloc      1%         2d3       90%         4
 Agony                    Necr           17%        N/A       63%         5
 Starburst                Conj/Fire      0%         6d3       100%        6


Dungeon Overview and Level Annotations

Branches:
Dungeon (1/15)

Altars:


Innate Abilities, Weirdness & Mutations

You are partially covered in thin metallic scales. (AC +2)


Message History

HP restored.
You swap places.
Your goblin skeleton crumbles into dust!
You see here a +0 rapier.
f - a scroll labelled QYKAEL FAJEDGH
g - a scroll labelled TIUPUV ONISCH
h - a ring of see invisible A quokka comes into view.
Found a stone staircase leading down.
A quokka is nearby!
A quokka is nearby!
Casting: Necrotise (safe; 3% risk of failure)
Confirm with . or Enter, or press ? or * to list all spells.
Aiming: Necrotise (safe; 3% risk of failure)
Press: ? - help, Shift-Dir - straight line, f - quokka
Aim: a quokka (chance to affect: 86%)
The quokka writhes in agony.
The quokka closely misses you.
Casting: Necrotise (safe; 3% risk of failure)
Confirm with . or Enter, or press ? or * to list all spells.
Aiming: Necrotise (safe; 3% risk of failure)
Press: ? - help, Shift-Dir - straight line, f/p - quokka
Aim: a quokka (severely wounded, chance to affect: 86%)
The quokka writhes in agony.
The quokka bites you.
A quokka is nearby!
Casting: Necrotise (safe; 3% risk of failure)
Confirm with . or Enter, or press ? or * to list all spells.
Aiming: Necrotise (safe; 3% risk of failure)
Press: ? - help, Shift-Dir - straight line, f/p - quokka
Aim: a quokka (almost dead, chance to affect: 86%)
The quokka writhes in agony.
You kill the quokka!
The dead are hopping!
You have reached level 2!
Your demonic ancestry asserts itself...
Thin metallic scales grow over part of your body.
Unknown command.
Your quokka skeleton crumbles into dust!
There is a staircase leading out of the dungeon here.
Are you sure you want to leave the Dungeon?
This will make you lose the game!
You have escaped!

...#...#...#......##
#...#..#..#...#....###
.#..#..#..#..#.......#
..#..#.#.#..#.....##.##
...#.#.#.#.#...#..##..#
..#.#.#.#..##...###..#
.. #.#...#.##...........
....#.....#.......#.####
#...@...######.#.#
....#.....#.......# #
..##.#...#.##...... #
..#.#.#.#.. #...##
...#.#.#.#.#... ..
..#..#. . ..#.... .#..
.. . ..#... ...#.. ..
...#.. .. .....


There were no monsters in sight!

Vanquished Creatures
  2 goblins (D:1)
  2 quokkas (D:1)
  A frilled lizard (D:1)
  2 rats (D:1)
7 creatures vanquished.

Vanquished Creatures (collateral kills)
  An endoplasm (D:1)
1 creature vanquished.

Grand Total: 8 creatures vanquished

Notes
Turn   | Place    | Note
-------+----------+-------------------------------------------
     0 | D:1      | Alarkh the Demonspawn Necromancer began the quest for the
                  | Orb.
     0 | D:1      | Reached XP level 1. HP: 13/13 MP: 3/3
   192 | D:1      | Gained mutation: You are partially covered in thin metallic
                  | scales. (AC +2) [demonic ancestry]
   192 | D:1      | Reached XP level 2. HP: 16/19 MP: 0/5
   233 | D:$      | Got out of the dungeon alive.

Illustrated notes

Levels and vault maps discovered:
D:1:      minmay_arrival_radiant_lines, layout_basic,
          chequers_serial_rivers_micro_d

Action                     || total
---------------------------++-------
  Melee: Unarmed           ||     8
   Cast: Necrotise         ||    12
   Stab: Sleeping          ||     1
 Armour: Robe              ||     1
  Dodge: Dodged            ||     5
